 Dungeon Crawl Stone Soup version 0.29.1-1-gd02db6906a (webtiles) character file.

Game seed: 15906427261739696165

2135 smilodon the Ruffian (level 9, -4/86 (88) HPs)
             Began as a Troll Fighter on Sept 22, 2022.
             Was a Believer of Okawaru.
             Slain by a gnoll bouda
             ... wielding a +0 whip
              (18 damage)
             ... on level 6 of the Dungeon.
             The game lasted 00:12:48 (4771 turns).

smilodon the Ruffian (Troll Fighter)                Turns: 4771, Time: 00:12:49

HP:   -4/86 (88)    AC:  9    Str: 28    XL:     9   Next: 9%
MP:   8/9           EV: 12    Int:  4    God:    Okawaru [**....]
Gold: 404           SH: 10    Dex: 11    Spells: 8/8 levels left

rFire   + . .      SeeInvis .     - Unarmed
rCold   . . .      Faith    +   b - +0 kite shield
rNeg    . . .      Spirit   .   a - +0 robe
rPois   .          Reflect  .   (helmet restricted)
rElec   .          Harm     .   o - +0 cloak
rCorr   .          Rampage  .   (gloves unavailable)
Will    .....                   (boots unavailable)
Stlth   +++.......              f - amulet of faith
HPRegen 1.04/turn               p - +4 ring of protection
MPRegen 0.11/turn               j - ring of protection from fire

@: mighty, lethally poisoned (-4 -> -5), heroic, lightly drained
A: large, unfitting armour, claws 3, regeneration 1, shaggy fur 1, tough skin 1
a: Renounce Religion, Heroism


You were on level 6 of the Dungeon.
You worshipped Okawaru.
Okawaru was pleased with you.
You visited 2 branches of the dungeon, and saw 7 of its levels.

You collected 404 gold pieces.

Inventory:

Missiles
 z - 5 silver javelins (quivered)
Armour
 a - a +0 robe (worn)
 b - a +0 kite shield (worn)
 o - a +0 cloak (worn)
Jewellery
 d - a ring of wizardry
 e - a +6 ring of intelligence
 f - an amulet of faith (around neck)
 j - a ring of protection from fire (right claw)
 n - a ring of wizardry
 p - a +4 ring of protection (left claw)
 t - a +6 ring of intelligence
 v - a ring of protection from cold
 x - a ring of positive energy
 A - a ring of resist corrosion
Wands
 r - a wand of polymorph (3)
Scrolls
 i - a scroll of identify
 k - 3 scrolls of teleportation
 m - 3 scrolls of magic mapping
 u - a scroll of summoning
 w - a scroll of fear {unknown}
 y - a scroll of amnesia {unknown}
 B - a scroll of brand weapon {unknown}
 C - a scroll of enchant weapon {unknown}
Potions
 g - 3 potions of flight
 h - 2 potions of degeneration
 q - 2 potions of heal wounds {unknown}
 s - a potion of berserk rage


   Skills:
 + Level 5.4(10.4) Fighting
 + Level 5.4(10.4) Dodging
 + Level 5.9(10.9) Shields
 + Level 6.1(11.1) Unarmed Combat
 + Level 2.5 Invocations


You had 8 spell levels left.
You didn't know any spells.
Your spell library contained the following spells:

 Spells                   Type           Power      Damage    Failure   Level
 Static Discharge         Conj/Air       0%         3-3/arc   83%         2
 Ozocubu's Armour         Ice            0%         N/A       97%         3
 Dispel Undead            Necr           0%         3d6       100%        4
 Sticky Flame             Conj/Fire      0%         2d3       100%        4
 Orb of Destruction       Conj           0%         9d5       100%        7
 Ozocubu's Refrigeration  Ice            0%         4d7       100%        7
 Summon Guardian Golem    Hex/Summ       Unusable   N/A       N/A         3
 Spellforged Servitor     Conj/Summ      Unusable   N/A       N/A         7

Dungeon Overview and Level Annotations

Branches:
Dungeon (6/15)             Temple (1/1) D:5

Altars:
Elyvilon
Fedhas
Makhleb
Okawaru
Qazlal
Ru
Sif Muna
Trog
Uskayaw
Yredelemnul
Zin
The Shining One

Annotations:
D:6 1 transporter, Pemander008's ghost, amateur DjVM


Innate Abilities, Weirdness & Mutations

You are too large for most types of armour.
You have claws for hands.
Your natural rate of healing is unusually fast.
You are covered in fur. (AC +1)
You have tough skin. (AC +1)


Message History

The gnoll sergeant is moderately wounded.
You feel sick.
The gnoll shoots a sling bullet.
The sling bullet hits you but does no damage.
The gnoll bouda calls upon its god to heal the gnoll sergeant.
The gnoll sergeant is healed somewhat.
The gnoll sergeant barely misses you.
You scratch the gnoll sergeant.
The gnoll sergeant is heavily wounded.
You feel sick.
The gnoll shoots a sling bullet.
You block the sling bullet.
You claw the gnoll sergeant!
The gnoll sergeant is almost dead.
You feel sick.
The gnoll sergeant hits you but does no damage.
You are more poisoned.
You claw the gnoll sergeant!
You kill the gnoll sergeant!
Okawaru accepts your kill.
You feel very sick.
The gnoll bouda hits you with a +0 whip.
* * * LOW HITPOINT WARNING * * *
You scratch the gnoll.
The gnoll is moderately wounded.
You feel very sick.
The gnoll hits you from afar with a +0 halberd of chaos.
* * * LOW HITPOINT WARNING * * *
You feel drained.
* * * LOW HITPOINT WARNING * * *
The gnoll unwields a +0 sling.
The gnoll wields a +0 flail.
You block the gnoll's attack.
Your attacks no longer feel as feeble.
You feel sick.
The gnoll bouda barks out a call to the hunt!
The gnolls pick up the pace!
You block the gnoll's attack.
You feel sick.
The gnoll unwields a +0 flail.
The gnoll wields a +0 sling.
The gnoll shoots a sling bullet.
You block the sling bullet. The gnoll barely misses you.
The gnoll bouda attacks as you move away!
The gnoll bouda goes berserk!
The gnoll bouda hits you with a +0 whip!!
You die...

#..###.≈≈#..###.###..#≈≈..#
#......≈≈#...........#≈≈..#
##.....≈≈###.##'##.###≈≈..#
#.....≈≈..#.#..P#.#..≈≈..#
#.....≈≈.##.'...'.##.≈≈..#
#.....≈≈.#.. ...#..#.≈≈..#
##.....≈≈.##.##g##.##.≈≈.##
.#.....≈≈..#.#g..#.#.....#
.......~~.©#.')g@'.#©....#
######.≈≈..#.#8⌠8#.#.....#
...##..≈≈.##.#####.##.≈≈.#
##.##..≈≈.#©.#.:g#..#.≈≈.#
....#..≈≈.##W#..W#.##.≈≈.#
#......≈≈..#.#...#.#..≈≈.#
#..<#..≈≈###.##'##.###≈≈.#
#......≈≈#..........g#≈≈.#
#....#.≈≈#..###W###..#≈≈.#


You could see a gnoll bouda (berserk) and 2 gnolls.

Vanquished Creatures
  An unseen horror (D:5)
  Eustachio (D:6)
  A water moccasin (D:6)
  An ice beast (D:6)
  A sky beast (D:6)
  An ogre (D:5)
  A centaur (D:5)
  A scorpion (D:5)
  2 necrophages (D:5)
  5 gnoll sergeants
  A howler monkey (D:4)
  4 hounds (D:5)
  2 jellies (D:5)
  An orc priest (D:6)
  Crazy Yiuf (D:2)
  5 iguanas
  Jessica (D:2)
  Natasha (thrice) (D:3)
  An orc wizard (D:6)
  8 gnolls (D:5)
  6 adders
  2 shadow imps
  2 ufetubi (D:5)
  6 worms
  A dart slug (D:1)
  8 orcs
  A ball python (D:1)
  4 bats
  8 endoplasms
  3 giant cockroaches
  2 goblins (D:1)
  5 hobgoblins
  3 jackals
  7 quokkas
  5 frilled lizards
  9 kobolds
  4 rats
118 creatures vanquished.

Vanquished Creatures (others)
  A demonic plant (D:1)
  2 fungi (D:1)
  7 plants
10 creatures vanquished.

Grand Total: 128 creatures vanquished

Notes
Turn   | Place    | Note
-------+----------+-------------------------------------------
     0 | D:1      | smilodon the Troll Fighter began the quest for the Orb.
     0 | D:1      | Reached XP level 1. HP: 22/22 MP: 0/0
    38 | D:1      | Found a faded altar of an unknown god.
   212 | D:1      | Reached XP level 2. HP: 29/29 MP: 1/1
   836 | D:2      | Noticed Jessica
   848 | D:2      | Killed Jessica
   849 | D:2      | Reached XP level 3. HP: 21/36 MP: 2/2
  1154 | D:2      | Reached XP level 4. HP: 34/44 MP: 3/3
  1213 | D:2      | Found a runed translucent door.
  1214 | D:2      | Noticed Crazy Yiuf
  1445 | D:2      | Killed Crazy Yiuf
  1494 | D:3      | Reached skill level 3 in Unarmed Combat
  1569 | D:3      | Noticed Natasha
  1580 | D:3      | Killed Natasha
  1581 | D:3      | Reached XP level 5. HP: 31/53 MP: 4/4
  1626 | D:3      | Noticed Natasha
  1676 | D:3      | Killed Natasha
  1770 | D:3      | Noticed Natasha
  1803 | D:3      | Killed Natasha
  2211 | D:4      | Found a bloodstained altar of Trog.
  2381 | D:4      | Found a blossoming altar of Fedhas.
  2407 | D:4      | Reached XP level 6. HP: 61/61 MP: 5/5
  2629 | D:4      | Found a glowing golden altar of the Shining One.
  2661 | D:4      | Found a hide-covered altar of Uskayaw.
  2900 | D:5      | Entered Level 5 of the Dungeon
  2955 | D:5      | Found a stormy altar of Qazlal.
  2956 | D:5      | Noticed a water elemental
  2959 | D:5      | Noticed an air elemental
  2972 | D:5      | Reached skill level 4 in Unarmed Combat
  2988 | D:5      | Reached XP level 7. HP: 68/68 MP: 6/6
  3028 | D:5      | Found a shimmering blue altar of Sif Muna.
  3241 | D:5      | Reached skill level 5 in Shields
  3249 | D:5      | Reached skill level 5 in Unarmed Combat
  3249 | D:5      | Reached XP level 8. HP: 73/79 MP: 7/7
  3334 | D:5      | Found a staircase to the Ecumenical Temple.
  3440 | Temple   | Entered the Ecumenical Temple
  3445 | Temple   | Became a worshipper of Warmaster Okawaru
  3579 | D:5      | Killed an unseen horror
  3579 | D:5      | Reached * piety under Okawaru
  3580 | D:5      | Reached skill level 5 in Fighting
  3580 | D:5      | Reached skill level 5 in Dodging
  3580 | D:5      | Reached skill level 1 in Invocations
  3819 | D:5      | Found a burning altar of Makhleb.
  3937 | D:6      | Found a transporter.
  4406 | D:6      | Identified the +5 scale mail of the Disturbing Artists
                  | {*Corrode rElec Regen+ Dex+5}
  4406 | D:6      | Identified the +4 buckler of Pride {Drain +Inv Dex+8}
  4471 | D:6      | Found a transporter.
  4481 | D:6      | Noticed Pemander008's ghost (amateur DjVM)
  4582 | D:6      | Noticed Eustachio
  4611 | D:6      | Killed Eustachio
  4612 | D:6      | Reached XP level 9. HP: 83/88 MP: 9/9
  4626 | D:6      | Reached skill level 6 in Unarmed Combat
  4763 | D:6      | Reached ** piety under Okawaru
  4771 | D:6      | Slain by a gnoll bouda

Illustrated notes

Levels and vault maps discovered:
D:1:      lightli_arrival_noodles, layout_loops_ring,
          shapermc_ecumenical_altar_gd, minmay_tripent
D:2:      layout_loops_ring, uniq_crazy_yiuf_cottage, uniq_jessica
D:3:      layout_loops_ring, nicolae_wormholes, uniq_natasha
D:4:      layout_gridville, amcnicky_altar_gilded, nicolae_uskayaw_dance_hall,
          fedhas_ov_isle_minmay, marbit_many_paths
D:5:      minmay_chambers_of_fours, layout_cave_pools,
          mainiacjoe_overflow_concentric_impassable,
          makhleb_blood_cavern_becter, nicolae_qazlal_style_of_elements,
          minmay_temple_entry_poolview, serial_gnoll_camp, gnoll_camp_mini_hut,
          gnoll_camp_mini_hut, gnoll_camp_mini_basic, gnoll_camp_mini_loothouse,
          dreamdust_princess_corridor
D:6:      layout_basic, gammafunk_ghost_gnarly_gnolls, serial_park_tiny_1,
          uniq_eustachio
Temple:   nicolae_temple_ecumenical_triangle

Skill      XL: |  1  2  3  4  5  6  7  8  9 |
---------------+----------------------------+-----
Shields        | 3 4 5 |  5.9
Fighting       | 3 4 5 |  5.4
Dodging        | 3 4 5 |  5.4
Unarmed Combat | 3 4 5 6 |  6.1
Invocations    | 2 |  2.5

Action                   |  1- 3 |  4- 6 |  7- 9 || total
-------------------------+-------+-------+-------++-------
Melee: Unarmed           |    72 |   162 |   207 ||   441
Invok: Heroism           |       |       |     1 ||     1
  Use: Potion            |     3 |     3 |     5 ||    11
       Scroll            |     3 |     2 |       ||     5
 Stab: Sleeping          |     1 |       |       ||     1
Armor: Robe              |    20 |    37 |   100 ||   157
Dodge: Dodged            |    24 |    53 |    87 ||   164
Block: Kite shield       |    27 |    33 |   118 ||   178
